 Dungeon Crawl Stone Soup version 0.28.0-45-g0d030f2227 (webtiles) character file.

Game seed: 15928166703752016468

27 Kaptain the Digger (level 3, 0/20 HPs)
             Began as a Gargoyle Earth Elementalist on Apr 13, 2022.
             Slain by a kobold
             ... wielding a +0 short sword
              (4 damage)
             ... on level 1 of the Dungeon.
             The game lasted 00:01:51 (579 turns).

Kaptain the Digger (Gargoyle Earth Elementalist)     Turns: 579, Time: 00:01:52

Health: 0/20       AC:  5    Str: 11    XL:     3   Next: 10%
Magic:  0/6        EV: 12    Int: 17    God:
Gold:   10         SH:  0    Dex: 10    Spells: 5/6 levels left

rFire   . . .      SeeInvis .   a - +0 flail
rCold   . . .      Faith    .   (no shield)
rNeg    + . .      Spirit   .   b - +0 robe
rPois   ∞          Reflect  .   (no helmet)
rElec   +          Harm     .   (no cloak)
rCorr   .          Rampage  .   (no gloves)
Will    .....                   (no boots)
Stlth   ++........              (no amulet)
HPRegen 0.06/turn               (no ring)
MPRegen 0.10/turn               (no ring)

@: no status effects
A: sickness immunity, AC +3, negative energy resistance 1, electricity
resistance, torment resistance 1, petrification resistance, mutation resistance
1, sturdy frame 1
a: no special abilities


You were on level 1 of the Dungeon.
You visited 1 branch of the dungeon, and saw 1 of its levels.

You collected 10 gold pieces.

Inventory:

Hand Weapons
 a - a +0 flail (weapon)
Missiles
 c - 33 stones
 d - 20 sling bullets
Armour
 b - a +0 robe (worn)
Scrolls
 f - a scroll of noise {unknown}


   Skills:
 * Level 1.0 Fighting
 + Level 0.7 Armour
 + Level 1.7 Dodging
 - Level 2.1 Stealth
 * Level 2.2 Spellcasting
 * Level 1.0 Conjurations
 - Level 0.7 Transmutations
 * Level 3.9 Earth Magic


You had 5 spell levels left.
You knew the following spells:

 Your Spells              Type           Power      Damage    Failure   Level
a - Sandblast             Erth           30%        2d9       3%          1

Your spell library contained the following spells:

 Spells                   Type           Power      Damage    Failure   Level
 Passwall                 Tmut/Erth      7%         N/A       11%         2
 Stone Arrow              Conj/Erth      20%        3d8       21%         3
 Petrify                  Tmut/Erth      9%         N/A       56%         4


Dungeon Overview and Level Annotations

Branches:
Dungeon (1/15)

Altars:


Innate Abilities, Weirdness & Mutations

You are immune to sickness and miasma.
Your stone body is resilient. (AC +3)
You are immune to poison.
You resist negative energy. (rN+)
You are resistant to electric shocks. (rElec)
You are resistant to unholy torment.
You are immune to petrification.
You are somewhat resistant to further mutation.
Your movements are slightly less encumbered by armour. (ER -2)


Message History

Press: ? - help, Shift-Dir - straight line, f - frilled lizard
Aim: a frilled lizard (66% to hit)
The blast of sand hits the frilled lizard!
You kill the frilled lizard!
You hit the jackal.
You kill the jackal!
Your Fighting skill increases to level 1!
Your Conjurations skill increases to level 1!
Unknown command.
Casting: Sandblast (safe; 4% risk of failure)
Confirm with . or Enter, or press ? or * to list all spells.
Aiming: Sandblast (safe; 4% risk of failure)
Press: ? - help, Shift-Dir - straight line, f - endoplasm
Aim: an endoplasm (98% to hit)
The blast of sand hits the endoplasm.
The endoplasm is almost dead.
You hit the endoplasm.
You kill the endoplasm!
You have reached level 3!
Your experience leads to an increase in your attributes!
Increase (S)trength, (I)ntelligence, or (D)exterity?
You feel clever. x2
Things that are here:
a +0 club; a jackal corpse The dart slug closely misses you.
Casting: Sandblast (safe; 3% risk of failure)
Confirm with . or Enter, or press ? or * to list all spells.
Aiming: Sandblast (safe; 3% risk of failure)
Press: ? - help, Shift-Dir - straight line, f - dart slug
Aim: a dart slug (100% to hit)
The blast of sand hits the dart slug!
The dart slug is almost dead.
The goblin hits you but does no damage.
Unknown command.
You hit the dart slug.
You kill the dart slug!
The goblin barely misses you.
Unknown command.
The kobold hits you with a +0 short sword.
You die...

...... ♣♣♣♣♣♣♣♣ ... ......
♣♣.8_8.. .... .....$..♣♣♣......
..... ........♣.. ♣...♣ ....
.........♣♣♣♣.⌠.♣♣♣.♣..
............♣...♣.♣♣.#
#.........♣♣♣.♣.♣....##
#.........♣..♣♣.K♣....#
#.........♣h♣♣♣♣@♣....#
..........♣.♣ ♣.♣....#
...........♣♣ ♣♣g♣....#..
...........♣# ♣.h♣....#.###
.#..........##♣.♣♣###.#.#..
.#............♣.♣.....#.#.#######
.#.............♣......#.#.#......
.#....................#.#.#.###.#
......................#.#.#.#....


You could see a jackal, a goblin and a kobold.

Vanquished Creatures
  A gnoll (D:1)
  A dart slug (D:1)
  A ball python (D:1)
  2 endoplasms (D:1)
  A giant cockroach (D:1)
  A hobgoblin (D:1)
  3 jackals (D:1)
  A kobold (D:1)
  3 frilled lizards (D:1)
14 creatures vanquished.

Notes
Turn   | Place    | Note
-------+----------+-------------------------------------------
     0 | D:1      | Kaptain the Gargoyle Earth Elementalist began the quest for
                  | the Orb.
     0 | D:1      | Reached XP level 1. HP: 10/10 MP: 3/3
    94 | D:1      | Found a faded altar of an unknown god.
   301 | D:1      | Reached XP level 2. HP: 16/16 MP: 1/5
   548 | D:1      | Gained mutation: Your movements are slightly less
                  | encumbered by armour. (ER -2) [potion of mutation]
   548 | D:1      | Gained mutation: You are somewhat resistant to further
                  | mutation. [potion of mutation]
   556 | D:1      | Reached skill level 1 in Fighting
   556 | D:1      | Reached skill level 1 in Conjurations
   567 | D:1      | Reached XP level 3. HP: 4/20 MP: 0/6
   579 | D:1      | Slain by a kobold

Illustrated notes

Levels and vault maps discovered:
D:1:      matt_arrival_refuge, layout_basic,
          shapermc_ecumenical_altar_totnotflames, serial_shops, shop,
          minmay_tromino_v4_b

Skill      XL: |  1  2 |
---------------+-------+-----
Fighting       | 1 |  1.0
Conjurations   | 1 |  1.0
Armour         | |  0.7
Dodging        | |  1.7
Stealth        | |  2.1
Spellcasting   | |  2.2
Transmutations | |  0.7
Earth Magic    | |  3.9

Action                   || total
-------------------------++-------
Melee: Whip              ||     4
       Flail             ||    10
 Cast: Sandblast         ||    18
  Use: Potion            ||     1
Armor: Robe              ||    11
Dodge: Dodged            ||    21
